 Dungeon Crawl Stone Soup version 0.22.1-6-g1668fe2 (webtiles) character file.

60 Santreim the Shield-Bearer (level 4, -6/37 HPs)
             Began as a Human Fighter on Jan 27, 2019.
             Mangled by Sigmund
             ... wielding a +0 scythe
              (8 damage)
             ... on level 2 of the Dungeon.
             The game lasted 00:05:10 (1086 turns).

Santreim the Shield-Bearer (Human Fighter)          Turns: 1086, Time: 00:05:11

Health: -6/37      AC:  7    Str: 17    XL:     4   Next: 25%
Magic:  16/16      EV:  8    Int:  9    God:
Gold:   85         SH:  9    Dex: 12    Spells: 7/7 levels left

rFire    . . .     SeeInvis .   h - +0 spear (venom)
rCold    . . .     Gourm    .   c - +0 shield
rNeg     . . .     Faith    .   b - +0 scale mail
rPois    .         Spirit   .   (no helmet)
rElec    .         Reflect  .   (no cloak)
rCorr    .         Harm     .   (no gloves)
MR       .....                  (no boots)
Stlth    +.........             (no amulet)
HPRegen  0.12/turn              e - ring of magical power
MPRegen  0.15/turn              (no ring)

@: no status effects
A: no striking features
a: no special abilities


You were on level 2 of the Dungeon.
You were not hungry.

You visited 1 branch of the dungeon, and saw 2 of its levels.

You collected 85 gold pieces.

Inventory:

Hand Weapons
 a - a +0 long sword
 h - a +0 spear of venom (weapon)
 l - a +0 dagger
Armour
 b - a +0 scale mail (worn)
 c - a +0 shield (worn)
Jewellery
 e - a ring of magical power (left hand)
 g - a +4 ring of dexterity {unknown}
Scrolls
 i - 2 scrolls of identify
 j - a scroll of immolation
Potions
 d - a potion of might
 k - a potion of berserk rage {unknown}
Comestibles
 f - 3 rations
 m - a chunk of flesh


   Skills:
 + Level 4.2 Fighting
 + Level 3.5 Long Blades
 + Level 2.6 Polearms
 + Level 2.5 Throwing
 + Level 4.3 Armour
 + Level 2.5 Dodging
 + Level 2.9 Stealth
 + Level 4.3 Shields
 - Level 2.5 Unarmed Combat
 + Level 2.2 Spellcasting


You had 7 spell levels left.
You didn't know any spells.
Your spell library was empty.

Dungeon Overview and Level Annotations

Branches:
Dungeon (2/15)

Altars:
Ashenzari
Fedhas
Nemelex Xobeh

Annotations:
D:2 Sigmund


Message History

Sigmund is heavily wounded.
You closely miss Sigmund.
Sigmund is severely wounded.
Sigmund barely misses you.
Sigmund hits you from afar with a scythe.
You see here 18 gold pieces.
You're too confused!
Sigmund gestures wildly while chanting.
Sigmund flickers and vanishes!
Deactivating autopickup; reactivate with Ctrl-A.
Something hits you but does no damage.
You see here 18 gold pieces.
You're too confused!
You bump into the rock wall.
You feel less confused. Something hits you. Something hits you!
* * * LOW HITPOINT WARNING * * *
You hit something. Something hits you!
You die...

#### #..### #######....
.........# #.$########
#..@{.$.... ########.########
#........# #.######## #######
#.# #<#...###
#.#####.###########.#.###_#
.....................).##.##
#.#####.###########.#.##...#
#.#####.###########.#.##...##


There were no monsters in sight!

Vanquished Creatures
  An adder (D:2)
  A dart slug (D:2)
  A leopard gecko (D:1)
  A bat (D:1)
  2 giant cockroaches (D:1)
  3 goblins
  5 hobgoblins (D:1)
  5 kobolds (D:1)
  2 frilled lizards (D:1)
  2 rats
23 creatures vanquished.

Notes
Turn   | Place    | Note
-------+----------+-------------------------------------------
     0 | D:1      | Santreim the Human Fighter began the quest for the Orb.
     0 | D:1      | Reached XP level 1. HP: 18/18 MP: 1/1
    68 | D:1      | Reached XP level 2. HP: 12/24 MP: 2/2
   300 | D:1      | Reached XP level 3. HP: 29/30 MP: 6/6
   954 | D:2      | Reached XP level 4. HP: 37/37 MP: 7/7
   999 | D:2      | Found a shattered altar of Ashenzari.
  1025 | D:2      | Found a blossoming altar of Fedhas.
  1031 | D:2      | Found a sparkling altar of Nemelex Xobeh.
  1067 | D:2      | Noticed Sigmund
  1085 | D:2      | HP: 1/37 [something (13)]
  1086 | D:2      | Mangled by Sigmund

Skill      XL: |  1  2 |
---------------+-------+-----
Fighting       | 4 |  4.2
Long Blades    | 3 |  3.5
Polearms       | 2 |  2.6
Throwing       | 2 |  2.5
Armour         | 4 |  4.3
Dodging        | 2 |  2.5
Stealth        | 2 |  2.9
Shields        | 4 |  4.3
Unarmed Combat | 2 |  2.5
Spellcasting   | 2 |  2.2

Action                   |  1- 3 |  4- 6 || total
-------------------------+-------+-------++-------
Melee: Long sword        |    13 |       ||    13
       Spear             |    55 |    23 ||    78
  Use: Potion            |     3 |       ||     3
       Scroll            |     2 |       ||     2
  Eat: Chunk             |       |     1 ||     1
Armor: Scale mail        |    19 |     8 ||    27
Dodge: Dodged            |    13 |     3 ||    16
Block: Shield            |    30 |    10 ||    40
